| TOP OF THE 1ST |
|
Memphis Redbirds batting - Pitching for Sacramento River Cats : LHP Adam Ody
|
|
Pitching: LHP Adam Ody
|
|
|
Batting: RHB Rick O'Reilly
|
0-0: Ball 1-0: DOUBLE (Line Drive, 7LS, EV 102.5 MPH)
|
|
Batting: RHB Josh Martin
|
0-0: Called Strike 0-1: Ball 1-1: Called Strike Rick O'Reilly steals 3rd base 1-2: Ball 2-2: Strikes out looking
|
|
Batting: RHB Danny Gallo
|
0-0: Foul Ball, location: 2F 0-1: Ball 1-1: Ball 2-1: Foul Ball, location: 2F 2-2: Ball 3-2: Fly out, F9 (Flyball, 9S, EV 86.9 MPH) Runner from 3rd tags up, SCORES, throw by RF
|
|
Batting: SHB Luke Robbins
|
0-0: Ball 1-0: Foul Ball, location: 2F 1-1: Swinging Strike 1-2: Strikes out swinging
|
| Top of the 1st over - 1 run, 1 hit, 0 errors, 0 left on base; Memphis 1 - Sacramento 0 |
| BOTTOM OF THE 1ST |
|
Sacramento River Cats batting - Pitching for Memphis Redbirds : RHP David Murphy
|
|
Pitching: RHP David Murphy
|
|
|
Batting: LHB Kevin Kantor
|
0-0: Foul Ball, location: 2F 0-1: Reached on error, E6 (Groundball, 6, EV 102.5 MPH)
|
|
Batting: LHB Ryan Braden
|
0-0: Ball 1-0: Called Strike 1-1: Foul Ball, location: 2F 1-2: Ball 2-2: Foul Ball, location: 2F 2-2: Ground out 6-3 (Groundball, 6, EV 90.6 MPH) Kevin Kantor to third
|
|
Batting: LHB Willie Ceniceros
|
0-0: Fly out, F9 (Flyball, 9, EV 76.2 MPH)
|
|
Batting: RHB Davey Beeson
|
0-0: Ball 1-0: Fly out, F8 (Flyball, 8RD, EV 83.1 MPH)
|
| Bottom of the 1st over - 0 runs, 0 hits, 1 error, 1 left on base; Memphis 1 - Sacramento 0 |
| TOP OF THE 2ND |
|
Memphis Redbirds batting - Pitching for Sacramento River Cats : LHP Adam Ody
|
|
Batting: RHB Klaas Meij
|
0-0: Ball 1-0: Ball 2-0: Called Strike 2-1: Foul Ball, location: 2F 2-2: SINGLE (Groundball, 56D, EV 96.9 MPH)
|
|
Batting: LHB Tim Olsen
|
0-0: Called Strike 0-1: Ball 1-1: Fielders Choice at 2nd, 4-6 (Groundball, 4, EV 102.5 MPH)
|
|
Batting: SHB Dan Hill
|
0-0: Ball Tim Olsen steals 2nd base 1-0: SINGLE (Groundball, 56, EV 101.2 MPH) Tim Olsen to third
|
|
Batting: LHB Frank Hill
|
0-0: Called Strike 0-1: Called Strike 0-2: Strikes out looking
|
|
Batting: LHB Ronnie Ashley
|
0-0: Fly out, F9 (Flyball, 89M, EV 92.5 MPH)
|
| Top of the 2nd over - 0 runs, 2 hits, 0 errors, 2 left on base; Memphis 1 - Sacramento 0 |
| BOTTOM OF THE 2ND |
|
Sacramento River Cats batting - Pitching for Memphis Redbirds : RHP David Murphy
|
|
Batting: RHB Martin Guerrero
|
0-0: Ground out 6-3 (Groundball, 6, EV 108.1 MPH)
|
|
Batting: RHB Hugo Zacarias
|
0-0: Fly out, F8 (Flyball, 89M, EV 78.1 MPH)
|
|
Batting: RHB Laroya Foronda
|
0-0: SINGLE (Groundball, 6MD, EV 107.5 MPH)
|
|
Batting: RHB Matt Fenimore
|
0-0: Ball Laroya Foronda steals 2nd base 1-0: Ball 2-0: Foul Ball, location: 2F 2-1: Foul Ball, location: 2F 2-2: Foul Ball, location: 2F 2-2: Fly out, F8 (Line Drive, 8LM, EV 98.1 MPH)
|
| Bottom of the 2nd over - 0 runs, 1 hit, 0 errors, 1 left on base; Memphis 1 - Sacramento 0 |
| TOP OF THE 3RD |
|
Memphis Redbirds batting - Pitching for Sacramento River Cats : LHP Adam Ody
|
|
Batting: RHB Rick O'Reilly
|
0-0: Called Strike 0-1: Ball 1-1: Ground out 6-3 (Groundball, P, EV 85.6 MPH)
|
|
Batting: RHB Josh Martin
|
0-0: Foul Ball, location: 2F 0-1: Fly out, F4 (Popup, 13S, EV 88.8 MPH)
|
|
Batting: RHB Danny Gallo
|
0-0: Ball 1-0: Ground out U3 (Groundball, 34, EV 99.4 MPH)
|
| Top of the 3rd over - 0 runs, 0 hits, 0 errors, 0 left on base; Memphis 1 - Sacramento 0 |
| BOTTOM OF THE 3RD |
|
Sacramento River Cats batting - Pitching for Memphis Redbirds : RHP David Murphy
|
|
Batting: RHB Jack Toole
|
0-0: Ball 1-0: Ball 2-0: Ball 3-0: Base on Balls
|
|
Batting: LHB Kevin Kantor
|
0-0: Ball 1-0: Called Strike 1-1: Called Strike 1-2: Foul Ball, location: 2F 1-2: DOUBLE (Line Drive, 78M, EV 106.9 MPH) Jack Toole to third
|
|
Batting: LHB Ryan Braden
|
0-0: Ball 1-0: Foul Ball, location: 2F 1-1: Foul Ball, location: 2F 1-2: Ball 2-2: Strikes out swinging
|
|
Batting: LHB Willie Ceniceros
|
0-0: Foul Ball, location: 2F 0-1: Ball 1-1: Ball 2-1: Foul Ball, location: 2F 2-2: Foul Ball, location: 2F 2-2: Ball 3-2: Base on Balls
|
|
Batting: RHB Davey Beeson
|
0-0: Ball 1-0: Ball 2-0: Called Strike 2-1: Foul Ball, location: 2F 2-2: Strikes out swinging
|
|
Batting: RHB Martin Guerrero
|
0-0: Ball 1-0: Ball 2-0: SINGLE (Groundball, 56S, EV 70.0 MPH) (infield hit) Jack Toole scores Kevin Kantor to third Willie Ceniceros to second
|
|
Batting: RHB Hugo Zacarias
|
0-0: Ball 1-0: Ball 2-0: Foul Ball, location: 2F 2-1: Fly out, F8 (Flyball, 8RD, EV 91.2 MPH)
|
| Bottom of the 3rd over - 1 run, 2 hits, 0 errors, 3 left on base; Memphis 1 - Sacramento 1 |
| TOP OF THE 4TH |
|
Memphis Redbirds batting - Pitching for Sacramento River Cats : LHP Adam Ody
|
|
Batting: SHB Luke Robbins
|
0-0: Called Strike 0-1: SINGLE (Groundball, 4MD, EV 105.6 MPH)
|
|
Batting: RHB Klaas Meij
|
0-0: Called Strike 0-1: Ball 1-1: Called Strike Luke Robbins steals 2nd base 1-2: Foul Ball, location: 2F 1-2: Ball 2-2: SINGLE (Groundball, 4MS, EV 67.5 MPH) (infield hit) Luke Robbins to third
|
|
Batting: LHB Tim Olsen
|
Pickoff Throw to First - Out! 1-3 0-0: Ball 1-0: Called Strike 1-1: Ball 2-1: Ground out 4-3 (Groundball, 34, EV 107.5 MPH) Luke Robbins scores
|
|
Batting: SHB Dan Hill
|
0-0: Foul Ball, location: 2F 0-1: Foul Ball, location: 2F 0-2: Ball 1-2: Ball 2-2: Ball 3-2: Strikes out swinging
|
| Top of the 4th over - 1 run, 2 hits, 0 errors, 0 left on base; Memphis 2 - Sacramento 1 |
| BOTTOM OF THE 4TH |
|
Sacramento River Cats batting - Pitching for Memphis Redbirds : RHP David Murphy
|
|
Batting: RHB Laroya Foronda
|
0-0: Ball 1-0: DOUBLE (Line Drive, 7LM, EV 103.1 MPH)
|
|
Batting: RHB Matt Fenimore
|
0-0: Ball 1-0: Ball 2-0: Ground out 6-3 (Groundball, 6, EV 86.2 MPH) Laroya Foronda to third
|
|
Batting: RHB Jack Toole
|
0-0: Called Strike 0-1: Foul Ball, location: 2F 0-2: Ball 1-2: Strikes out swinging
|
|
Batting: LHB Kevin Kantor
|
0-0: Ball 1-0: Called Strike 1-1: Ball 2-1: Ground out U3 (Groundball, 3S, EV 85.6 MPH)
|
| Bottom of the 4th over - 0 runs, 1 hit, 0 errors, 1 left on base; Memphis 2 - Sacramento 1 |
| TOP OF THE 5TH |
|
Memphis Redbirds batting - Pitching for Sacramento River Cats : LHP Adam Ody
|
|
Batting: LHB Frank Hill
|
0-0: Swinging Strike 0-1: Ball 1-1: Ground out U3 (Groundball, 34, EV 81.2 MPH)
|
|
Batting: LHB Ronnie Ashley
|
0-0: Ground out 4-3 (Groundball, 4, EV 111.9 MPH)
|
|
Batting: RHB Rick O'Reilly
|
0-0: Called Strike 0-1: Ball 1-1: Called Strike 1-2: Foul Ball, location: 2F 1-2: Foul Ball, location: 2F 1-2: Ball 2-2: Fly out, F7 (Flyball, 78M, EV 88.8 MPH)
|
| Top of the 5th over - 0 runs, 0 hits, 0 errors, 0 left on base; Memphis 2 - Sacramento 1 |
| BOTTOM OF THE 5TH |
|
Sacramento River Cats batting - Pitching for Memphis Redbirds : RHP David Murphy
|
|
Batting: LHB Ryan Braden
|
0-0: Called Strike 0-1: Ball 1-1: Fly out, F7 (Flyball, 7LS, EV 83.8 MPH)
|
|
Batting: LHB Willie Ceniceros
|
0-0: Called Strike 0-1: Foul Ball, location: 2F 0-2: SINGLE (Flyball, 8LS, EV 93.1 MPH)
|
|
Batting: RHB Davey Beeson
|
0-0: Called Strike 0-1: Ball 1-1: Swinging Strike 1-2: Ball 2-2: Foul Ball, location: 2F 2-2: Strikes out swinging
|
|
Batting: RHB Martin Guerrero
|
0-0: Ball 1-0: Foul Ball, location: 2F 1-1: Foul Ball, location: 2F 1-2: Fly out, F8 (Flyball, 89D, EV 90.6 MPH)
|
| Bottom of the 5th over - 0 runs, 1 hit, 0 errors, 1 left on base; Memphis 2 - Sacramento 1 |
| TOP OF THE 6TH |
|
Memphis Redbirds batting - Pitching for Sacramento River Cats : LHP Adam Ody
|
|
Batting: RHB Josh Martin
|
0-0: Fly out, F8 (Flyball, 8RD, EV 75.6 MPH)
|
|
Batting: RHB Danny Gallo
|
0-0: Ball 1-0: Ball 2-0: Ball 3-0: Base on Balls
|
|
Batting: SHB Luke Robbins
|
0-0: Fly out, F7 (Flyball, 7, EV 90.6 MPH)
|
|
Batting: RHB Klaas Meij
|
0-0: Called Strike 0-1: Ball 1-1: Fly out, F7 (Line Drive, 7S, EV 89.4 MPH)
|
| Top of the 6th over - 0 runs, 0 hits, 0 errors, 1 left on base; Memphis 2 - Sacramento 1 |
| BOTTOM OF THE 6TH |
|
Sacramento River Cats batting - Pitching for Memphis Redbirds : RHP David Murphy
|
|
Batting: RHB Hugo Zacarias
|
0-0: Ball 1-0: Swinging Strike 1-1: Called Strike 1-2: Strikes out swinging
|
|
Batting: RHB Laroya Foronda
|
0-0: SINGLE (Groundball, 56D, EV 105.6 MPH) (infield hit)
|
|
Batting: RHB Matt Fenimore
|
0-0: Ball 1-0: Ball 2-0: Called Strike 2-1: Foul Ball, location: 2F 2-2: Ball 3-2: Fly out, F3 (Popup, 3SF, EV 76.2 MPH)
|
|
Batting: RHB Jack Toole
|
0-0: Called Strike Laroya Foronda steals 2nd base 0-1: Ball 1-1: Foul Ball, location: 2F 1-2: Ball 2-2: Strikes out swinging
|
| Bottom of the 6th over - 0 runs, 1 hit, 0 errors, 1 left on base; Memphis 2 - Sacramento 1 |
| TOP OF THE 7TH |
|
Memphis Redbirds batting - Pitching for Sacramento River Cats : LHP Adam Ody
|
|
Batting: LHB Tim Olsen
|
0-0: Called Strike 0-1: Foul Ball, location: 2F 0-2: Ball 1-2: Ground out 4-3 (Groundball, 4, EV 86.2 MPH)
|
|
Batting: SHB Dan Hill
|
0-0: Called Strike 0-1: Called Strike 0-2: Ball 1-2: Ball 2-2: Fly out, F9 (Flyball, 9LS, EV 92.5 MPH)
|
|
Batting: LHB Frank Hill
|
0-0: Fly out, F3 (Popup, 3S, EV 74.4 MPH)
|
| Top of the 7th over - 0 runs, 0 hits, 0 errors, 0 left on base; Memphis 2 - Sacramento 1 |
| BOTTOM OF THE 7TH |
|
Sacramento River Cats batting - Pitching for Memphis Redbirds : RHP David Murphy
|
|
Batting: LHB Kevin Kantor
|
0-0: Ball 1-0: Ball 2-0: Foul Ball, location: 2F 2-1: Swinging Strike 2-2: Ball 3-2: Foul Ball, location: 2F 3-2: Base on Balls
|
|
Pitching: LHP Cody Coward
|
|
|
Batting: LHB Ryan Braden
|
0-0: Called Strike Kevin Kantor is caught stealing 2nd base 2-6 0-1: Ball 1-1: Foul Ball, location: 2F 1-2: Ball 2-2: Strikes out looking
|
|
Batting: LHB Willie Ceniceros
|
0-0: Foul Ball, location: 2F 0-1: Ground out 6-3 (Groundball, 4, EV 86.9 MPH)
|
| Bottom of the 7th over - 0 runs, 0 hits, 0 errors, 0 left on base; Memphis 2 - Sacramento 1 |
| TOP OF THE 8TH |
|
Memphis Redbirds batting - Pitching for Sacramento River Cats : LHP Adam Ody
|
|
Batting: LHB Ronnie Ashley
|
0-0: Ball 1-0: Called Strike 1-1: Called Strike 1-2: Strikes out swinging
|
|
Batting: RHB Rick O'Reilly
|
0-0: Ball 1-0: SINGLE (Line Drive, 78S, EV 100.0 MPH)
|
|
Batting: RHB Josh Martin
|
0-0: Called Strike 0-1: Ball 1-1: Ball 2-1: Foul Ball, location: 2F Pickoff Throw to First - Error! E1 Rick O'Reilly to second 2-2: Ball 3-2: Ground out 3-1 (Groundball, 34S, EV 81.2 MPH) Rick O'Reilly to third
|
|
Batting: RHB Danny Gallo
|
0-0: Swinging Strike 0-1: Swinging Strike 0-2: Ball 1-2: Ball 2-2: Ball 3-2: Base on Balls
|
|
Pitching: LHP Chris Morales
|
|
|
Batting: SHB Luke Robbins
|
0-0: Ball 1-0: Ball 2-0: SINGLE (Line Drive, 9LM, EV 110.0 MPH) Rick O'Reilly scores Danny Gallo to second
|
|
Batting: RHB Klaas Meij
|
0-0: Fly out, F7 (Flyball, 7, EV 96.9 MPH)
|
| Top of the 8th over - 1 run, 2 hits, 1 error, 2 left on base; Memphis 3 - Sacramento 1 |
| BOTTOM OF THE 8TH |
|
Sacramento River Cats batting - Pitching for Memphis Redbirds : LHP Cody Coward
|
|
Batting: RHB Davey Beeson
|
0-0: Ground out 4-3 (Groundball, 4, EV 83.8 MPH)
|
|
Batting: RHB Martin Guerrero
|
0-0: Ball 1-0: Ball 2-0: Ball 3-0: Base on Balls
|
|
Batting: RHB Hugo Zacarias
|
0-0: Called Strike 0-1: Ball 1-1: Ball 2-1: Foul Ball, location: 2F 2-2: SINGLE (Line Drive, 7S, EV 110.0 MPH) Martin Guerrero to second
|
|
Pinch Runner at 2nd Cesar Arteaga:
|
|
|
Batting: RHB Laroya Foronda
|
0-0: DOUBLE (Flyball, 78XD, EV 91.9 MPH) Cesar Arteaga scores Hugo Zacarias to third
|
|
Batting: RHB Matt Fenimore
|
0-0: Ball 1-0: Called Strike 1-1: Swinging Strike 1-2: Foul Ball, location: 2F 1-2: Foul Ball, location: 2F 1-2: Ball 2-2: Strikes out swinging
|
|
Batting: RHB Jack Toole
|
0-0: Swinging Strike 0-1: Ground out 6-3 (Groundball, 4MD, EV 96.9 MPH)
|
| Bottom of the 8th over - 1 run, 2 hits, 0 errors, 2 left on base; Memphis 3 - Sacramento 2 |
| TOP OF THE 9TH |
|
Memphis Redbirds batting - Pitching for Sacramento River Cats : LHP Chris Morales
|
|
Now in LF: David Ramirez
|
|
|
Now in CF: Hugo Zacarias
|
|
|
Batting: LHB Tim Olsen
|
0-0: Foul Ball, location: 2F 0-1: Ball 1-1: Ball 2-1: Foul Ball, location: 2F 2-2: Foul Ball, location: 2F 2-2: Fly out, F6 (Popup, 6M, EV 77.5 MPH)
|
|
Batting: SHB Dan Hill
|
0-0: Called Strike 0-1: Called Strike 0-2: Strikes out swinging
|
|
Batting: LHB Frank Hill
|
0-0: Called Strike 0-1: Ball 1-1: Called Strike 1-2: SINGLE (Groundball, 4, EV 95.0 MPH)
|
|
Batting: LHB Ronnie Ashley
|
0-0: Called Strike 0-1: Called Strike 0-2: Ball Wild Pitch! Frank Hill to second 1-2: Foul Ball, location: 2F 1-2: Strikes out looking
|
| Top of the 9th over - 0 runs, 1 hit, 0 errors, 1 left on base; Memphis 3 - Sacramento 2 |
| BOTTOM OF THE 9TH |
|
Sacramento River Cats batting - Pitching for Memphis Redbirds : LHP Cody Coward
|
|
Pitching: LHP Brad Jonas
|
|
|
Batting: LHB Kevin Kantor
|
0-0: Ball 1-0: Ground out 4-3 (Groundball, 34S, EV 82.5 MPH)
|
|
Batting: LHB Ryan Braden
|
0-0: SINGLE (Groundball, 34D, EV 101.9 MPH)
|
|
Pinch Hitting: RHB Adam Solesbee
|
0-0: Called Strike 0-1: Called Strike 0-2: Ball 1-2: Strikes out swinging
|
|
Batting: RHB Davey Beeson
|
0-0: Ball 1-0: Ball 2-0: Fielders Choice at 2nd, 6-4 (Groundball, 6, EV 110.6 MPH)
|
| Bottom of the 9th over - 0 runs, 1 hit, 0 errors, 1 left on base; Memphis 3 - Sacramento 2 |
|